 Dungeon Crawl Stone Soup version 0.31-a0-210-gccc998df9b (webtiles) character file.

Game seed: 956371611226660330

92 qw the Chopper (level 4, -2/28 HPs)
             Began as a Gargoyle Fighter on June 29, 2023.
             Slain by Grinder (3 damage)
             ... on level 3 of the Dungeon.
             The game lasted 00:00:58 (1527 turns).

qw the Chopper (Gargoyle Fighter)                   Turns: 1527, Time: 00:00:58

Health: -2/28      AC: 11    Str: 21    XL:     4   Next: 60%
Magic:  4/4        EV: 10    Int:  9    God:
Gold:   141        SH:  4    Dex:  9    Spells: 3/3 levels left

rFire   . . .        Y - +0 war axe
rCold   + . .        c - +0 buckler
rNeg    + . .        i - +1 ring mail {rC+}
rPois   inf          g - +0 helmet
rElec   +            (no cloak)
rCorr   .            (no gloves)
SInv    .            (no boots)
Will    .....        (no amulet) Stlth
                     (no ring)
HPRegen 0.24/turn    (no ring)
MPRegen 0.09/turn

%: no passive effects
@: no status effects
A: sickness immunity, AC +3, negative energy resistance 1, electricity
resistance, torment resistance 1, petrification resistance
a: no special abilities


You were on level 3 of the Dungeon.
You visited 1 branch of the dungeon, and saw 3 of its levels.

You collected 141 gold pieces.


Innate Abilities, Weirdness & Mutations

You are immune to sickness and miasma.
Your stone body is resilient. (AC +3)
You are immune to poison.
You resist negative energy. (rN+)
You are resistant to electric shocks. (rElec)
You are resistant to unholy torment.
You are immune to petrification.


   Skills:
 - Level 3.2 Fighting
 + Level 4.2 Axes
 - Level 3.2 Armour
 - Level 3.2 Shields


You had 3 spell levels left.
You didn't know any spells.
Your spell library was empty.

Inventory:

Hand Weapons
 f - a +0 club
 Y - a +0 war axe (weapon)
Armour
 b - a +0 scale mail
 c - a +0 buckler (worn)
 g - a +0 helmet (worn)
 i - a +1 ring mail of cold resistance (worn)
Jewellery
 j - a ring of resist corrosion
Scrolls
 k - 2 scrolls of identify
 l - a scroll of summoning {unknown}
Potions
 a - a potion of curing {unknown}
 d - a potion of might
 e - a potion of enlightenment
 h - a potion of lignification {unknown}

Dungeon Overview and Level Annotations

Branches:
Dungeon (3/15)

Altars:

Annotations:
D:3 Grinder


Message History

Enter note:
Enter note:
Enter note: You barely miss the kobold.
The kobold hits you with a +0 short sword.
The dart slug launches a dart at you.
The slug dart hits you but does no damage.
You barely miss the kobold. The kobold hits you but does no damage.
The kobold hits you with a +0 short sword.
You hit Grinder.
Grinder is lightly wounded.
You closely miss the adder. You hit the kobold.
You kill the kobold!
The adder closely misses you. The adder bites you. Grinder hits you.
You writhe in agony.
You closely miss Grinder.
Grinder is lightly wounded.
You hit the adder. You hit the dart slug. The adder closely misses you.
Grinder hits you but does no damage. The adder barely misses you.
The dart slug bites you but does no damage.
You slash the dart slug!
You kill the dart slug!
You hit Grinder. You miss the adder. The adder bites you but does no damage.
Grinder blinks!
The adder barely misses you.
You barely miss the adder.
The adder is lightly wounded.
The adder bites you.
You barely miss Grinder.
Grinder is moderately wounded.
You miss the adder. The adder bites you but does no damage.
Grinder hits you but does no damage. The adder bites you.
You closely miss Grinder.
Grinder is moderately wounded.
You closely miss the adder. The adder misses you. Grinder hits you!
You writhe in agony.
You die...

#..#######.....##################
#................................
#.....####.....##################
.....<...#.....# .....###.#######
.#............. #######
.....##.####### .......
.#...##.#########.......
................@S......
.#.#.##.#######.#5......
...#.##.# #.#....... ........#
#.#....... ## #.#### #.#.......
#.#....... #.#....?.. .....#####


You could see Grinder and an adder.

Vanquished Creatures
  4 adders (D:2)
  A worm (D:2)
  A dart slug (D:3)
  A ball python (D:1)
  8 bats
  5 endoplasms
  A giant cockroach (D:1)
  6 goblins
  4 hobgoblins
  4 jackals (D:1)
  2 quokkas
  3 kobolds
  6 rats
46 creatures vanquished.

Notes
Turn   | Place    | Note
-------+----------+-------------------------------------------
     0 | D:1      | qw the Gargoyle Fighter began the quest for the Orb.
     0 | D:1      | Reached XP level 1. HP: 14/14 MP: 1/1
     0 | D:1      | 0 ||| qw: Version: 0.3-a-24-ga2abf7b
     0 | D:1      | 0 ||| qw: Game counter: 6865
     0 | D:1      | 0 ||| qw: Melee chars always use a shield: true
     0 | D:1      | 0 ||| qw: God list: Okawaru
     0 | D:1      | 0 ||| qw: Allow faded altars: false
     0 | D:1      | 0 ||| qw: Do Orc after clearing Dungeon:15 true
     0 | D:1      | 0 ||| qw: Do second Lair branch before Depths: true
     0 | D:1      | 0 ||| qw: Lair rune preference: random
     0 | D:1      | 0 ||| qw: Goals: Normal, Zot:1-4, Slime:5, God:TSO, Crypt,
                  | Tomb, Abyss, Pan, Hells, Win
     0 | D:1      | 0 ||| PLANNING D:1-11
    26 | D:1      | Reached skill level 2 in Axes
    74 | D:1      | Reached XP level 2. HP: 19/19 MP: 2/2
    75 | D:1      | 75 ||| Stepping ~*~*~tactically~*~*~ (stealth).
   307 | D:1      | Reached skill level 3 in Axes
   404 | D:1      | Reached XP level 3. HP: 22/23 MP: 3/3
   615 | D:1      | 615 ||| UPGRADING to +1 ring mail of cold resistance.
   625 | D:1      | 625 ||| READING scroll labelled ASOADA MOPP.
   626 | D:1      | 626 ||| READING scroll labelled RUEHYOLONG.
   627 | D:1      | 627 ||| READING scroll labelled JAEKHAU CUETITH.
   628 | D:1      | 628 ||| READING 2 scrolls labelled CUACITAINO.
   629 | D:1      | 629 ||| READING scroll labelled DEAROMPOHY.
   632 | D:1      | 632 ||| READING scroll labelled DIABBU AVUTU.
   707 | D:2      | 707 ||| Stepping ~*~*~tactically~*~*~ (hiding).
   708 | D:2      | 708 ||| Stepping ~*~*~tactically~*~*~ (hiding).
   886 | D:2      | Reached XP level 4. HP: 28/28 MP: 4/4
   972 | D:2      | Reached skill level 4 in Axes
  1277 | D:2      | 1277 ||| UPGRADING to +0 helmet.
  1282 | D:2      | 1282 ||| READING scroll labelled TOALATUTAV.
  1283 | D:2      | 1283 ||| READING 2 scrolls of identify.
  1283 | D:2      | 1283 ||| IDENTIFYING bubbling ruby potion
  1310 | D:3      | 1310 ||| PLANNING SEWER
  1346 | D:3      | 1346 ||| Stepping ~*~*~tactically~*~*~ (stealth).
  1348 | D:3      | 1348 ||| Stepping ~*~*~tactically~*~*~ (stealth).
  1349 | D:3      | 1349 ||| Stepping ~*~*~tactically~*~*~ (stealth).
  1517 | D:3      | Noticed Grinder
  1527 | D:3      | HP: 1/28 [Grinder (7)]
  1527 | D:3      | Slain by Grinder

Levels and vault maps discovered:
D:1:      wander_arrival_lonely_grave, layout_basic
D:2:      layout_basic, chequers_hall_statues_wall_a, minmay_misc_feat_tower
D:3:      cheibrodos_fertilizer, layout_basic, portal_sewer_entry_d,
          uniq_grinder

Skill      XL: |  1  2  3  4 |
---------------+-------------+-----
Axes           | 2 3 4 |  4.2
Fighting       | |  3.2
Armour         | |  3.2
Shields        | |  3.2

Action                     |  1- 3 |  4- 6 || total
---------------------------+-------+-------++-------
  Melee: War axe           |    95 |    43 ||   138
    Use: Scroll            |     6 |     2 ||     8
 Armour: Scale mail        |    40 |       ||    40
         Ring mail         |     7 |    25 ||    32
  Dodge: Dodged            |    35 |    22 ||    57
  Block: Buckler           |    24 |     8 ||    32

Table legend:
 A = Non-vault XP
 B = Vault XP
 C = Vault XP percentage of total XP
 D = Non-vault monster count
 E = Vault monster count
 F = Vault count percentage of total count
                 A         B        C        D         E       F
            +---------+---------+-------+---------+---------+-------
      Total |     132 |       0 |   0.0 |      46 |       0 |   0.0
            +---------+---------+-------+---------+---------+-------
        D:1 |      39 |       0 |   0.0 |      23 |       0 |   0.0
        D:2 |      77 |       0 |   0.0 |      16 |       0 |   0.0
        D:3 |      16 |       0 |   0.0 |       7 |       0 |   0.0
            +---------+---------+-------+---------+---------+-------
